 Dungeon Crawl Stone Soup version 0.30-b1-2-g02819fbbbe (webtiles) character file.

Game seed: 9032673037922498001

15 Alarkh the Charlatan (level 2, 23/23 HPs)
             Began as a Demonspawn Artificer on Nov 26, 2023.
             Got out of the dungeon alive.
             The game lasted 00:00:27 (311 turns).

Alarkh the Charlatan (Demonspawn Artificer)          Turns: 311, Time: 00:00:27

Health: 23/23      AC:  3    Str: 12    XL:     2   Next: 34%
Magic:  2/2        EV: 11    Int: 14    God:
Gold:   17         SH:  0    Dex: 13    Spells: 1/1 levels left

rFire   . . .        a - +0 dagger
rCold   . . .        (no shield)
rNeg    . . .        b - +0 leather armour
rPois   .            (no helmet)
rElec   .            (no cloak)
rCorr   .            (no gloves)
SInv    .            (no boots)
Will    .....        (no amulet)
Stlth   +            (no ring)
HPRegen 0.23/turn    (no ring)
MPRegen 0.08/turn

%: no passive effects
@: no status effects
A: big brain 1
a: no special abilities


You escaped.
You visited 1 branch of the dungeon, and saw 1 of its levels.

You collected 17 gold pieces.

Inventory:

Hand Weapons
 a - a +0 dagger (weapon)
Armour
 b - a +0 leather armour (worn)
Jewellery
 f - a +4 ring of slaying
Wands
 c - a wand of flame (15) (quivered)
 d - a wand of charming (15)
 e - a wand of iceblast (3)


   Skills:
 + Level 2.4 Fighting
 - Level 1.7 Armour
 - Level 0.8 Dodging
 - Level 0.8 Stealth
 - Level 3.0 Evocations


You had one spell level left.
You didn't know any spells.
Your spell library was empty.

Dungeon Overview and Level Annotations

Branches:
Dungeon (1/15)

Altars:


Innate Abilities, Weirdness & Mutations

You have an unusually large brain. (Int +2)


Message History

The hobgoblin hits you. The hobgoblin attacks as you move away!
The hobgoblin closely misses you. The kobold attacks as you move away!
The kobold barely misses you.
Found a black potion.
Aiming: Iceblast
Press: ? - help, Shift-Dir - straight line The mass of ice explodes!
The iceblast engulfs the hobgoblin!
You kill the hobgoblin!
The iceblast engulfs the quokka!
You kill the quokka!
The iceblast engulfs the goblin!
You kill the goblin!
You have reached level 2!
Your demonic ancestry asserts itself...
Your brain expands.
Aiming: Iceblast
Press: ? - help, Shift-Dir - straight line, f - kobold
Aim: a kobold, wielding a +0 club The mass of ice explodes!
The iceblast engulfs the kobold!
You kill the kobold!
The iceblast engulfs the goblin!!
You kill the goblin!
The goblin hits you with a +0 dagger.
You miss the goblin. The goblin hits you but does no damage.
You hit the goblin.
You kill the goblin!
Things that are here:
a +0 dagger; a +0 dagger You see here 3 stones.
There is a stone staircase leading down here.
There is an open door here.
There is an open door here.
As you open the door, it creaks loudly!
You can't go up here!
(D) Dungeon
Where to? (Enter - D:1 @ (x,y), ? - help)
There is an open door here.
There is a staircase leading out of the dungeon here.
Are you sure you want to leave the Dungeon?
This will make you lose the game!
You have escaped!

.♣.
#.............#
#.###########.#
#..#.......#..#
#.#.#######.#.#
#.##.......##.#
#.#.###'###.#.#
#.#.#.....#.#.#
#.#.#.....#.#.#
+.#.+..@..'.#.+
#.#.#.....#.#.#
#.#.....#.#
#.###+###.# ##.
.## #


There were no monsters in sight!

Vanquished Creatures
  A bat (D:1)
  An endoplasm (D:1)
  4 goblins (D:1)
  2 hobgoblins (D:1)
  3 kobolds (D:1)
  A quokka (D:1)
12 creatures vanquished.

Notes
Turn   | Place    | Note
-------+----------+-------------------------------------------
     0 | D:1      | Alarkh the Demonspawn Artificer began the quest for the
                  | Orb.
     0 | D:1      | Reached XP level 1. HP: 15/15 MP: 1/1
   250 | D:1      | Gained mutation: You have an unusually large brain. (Int
                  | +2) [demonic ancestry]
   250 | D:1      | Reached XP level 2. HP: 14/22 MP: 2/2
   311 | D:$      | Got out of the dungeon alive.

Illustrated notes

Levels and vault maps discovered:
D:1:      matt_arrival_los_fun, layout_loops_ring, st_stairs_4,
          chequers_arboretum, nicolae_kite_square_tiling_tiny,
          nicolae_grassy_gnolls

Skill      XL: |  1 |
---------------+----+-----
Fighting       | 2 |  2.4
Armour         | |  1.7
Dodging        | |  0.8
Stealth        | |  0.8
Evocations     | |  3.0

Action                     || total
---------------------------++-------
  Melee: Club              ||    26
         Dagger            ||    15
         Punch             ||     1
  Evoke: Wand              ||     2
 Armour: Leather armour    ||    22
  Dodge: Dodged            ||    33
